 Dungeon Crawl Stone Soup version 0.27.1-1-g398f81649c (webtiles) character file.

Game seed: 3701334046707693453

54 loralnil the Insei (level 3, 0/18 HPs)
             Began as a Vine Stalker Transmuter on Sept 13, 2021.
             Succumbed to an adder's poison
             ... on level 2 of the Dungeon.
             The game lasted 00:01:41 (1515 turns).

loralnil the Insei (Vine Stalker Transmuter)        Turns: 1515, Time: 00:01:42

Health: 0/18       AC:  2    Str: 12    XL:     3   Next: 91%
Magic:  1/8        EV:  9    Int: 13    God:
Gold:   62         SH:  0    Dex: 15    Spells: 6/7 levels left

rFire    . . .     SeeInvis .     - Unarmed
rCold    . . .     Faith    .   (no shield)
rNeg     . . .     Spirit   +   a - +0 robe
rPois    .         Reflect  .   (helmet currently unavailable)
rElec    .         Harm     .   b - scarf {+Inv}
rCorr    .         Rampage  .   (no gloves)
Will     .....                  (boots currently unavailable)
Stlth    +.........             (no amulet)
HPRegen  0.06/turn              (no ring)
MPRegen  0.11/turn              (no ring)

@: lethally poisoned (0 -> -1), appendages (expiring), constricted
A: horns 2, talons 2, fangs 2, magic shield, antimagic bite, no potion heal 2
a: End Transformation, Evoke Invisibility


You were on level 2 of the Dungeon.
You had temporarily grown beastly horns and talons.
You visited 1 branch of the dungeon, and saw 2 of its levels.

You collected 62 gold pieces.

Inventory:

Armour
 a - a +0 robe (worn)
 b - a scarf of invisibility (worn)
Potions
 d - a potion of curing {unknown}


   Skills:
 - Level 1.1 Fighting
 - Level 2.0 Dodging
 + Level 3.5 Unarmed Combat
 + Level 2.8 Spellcasting
 + Level 2.6 Transmutations


You had 6 spell levels left.
You knew the following spells:

 Your Spells              Type           Power      Damage    Failure   Level
a - Beastly Appendage     Tmut           16%        N/A       8%          1

Your spell library contained the following spells:

 Spells                   Type           Power      Damage    Failure   Level
 Wereblood                Tmut           8%         N/A       12%         2
 Spider Form              Tmut/Pois      2%         N/A       38%         3
 Ice Form                 Ice/Tmut       5%         N/A       80%         4


Dungeon Overview and Level Annotations

Branches:
Dungeon (2/15)

Altars:

Shops:
D:1 (


Innate Abilities, Weirdness & Mutations

You have temporarily grown beastly horns and talons.
You have extremely sharp teeth.
When hurt, damage is shared between your health and your magic reserves.
Your bite disrupts and absorbs the magic of your enemies.
Potions cannot restore your health.


Message History

The adder closely misses you.
You barely miss the adder. You headbutt the adder! You bite the adder.
You drain its power.
You feel invigorated.
The adder is almost dead.
The adder closely misses you.
You hit the adder but do no damage.
The adder is almost dead.
The adder closely misses you. x2
You hit the adder but do no damage. Your bite misses the adder.
The adder is almost dead.
The bat closely misses you. The adder bites you.
You hit the adder but do no damage. Your bite misses the adder.
The adder is almost dead.
The ball python barely misses you. The ball python grabs you.
The ball python constricts you. The adder bites you.
You are poisoned.
The adder poisons you! The ball python barely misses you.
The ball python constricts you.
You closely miss the adder. You claw the adder, but do no damage.
The adder is almost dead.
You feel sick. The adder bites you.
The ball python bites you but does no damage.
The ball python constricts you.
You barely miss the adder. Your kick misses the adder.
Your bite misses the adder.
The adder is almost dead.
You feel sick. The adder bites you. The ball python misses you.
The ball python constricts you.
You closely miss the adder. Your headbutt misses the adder.
The adder is almost dead.
Your transformation is almost over.
You feel sick. The adder bites you. The ball python bites you.
* * * LOW HITPOINT WARNING * * *
The ball python constricts you.
* * * LOW HITPOINT WARNING * * *
The adder bites you.
* * * LOW HITPOINT WARNING * * *
You hit the adder.
You kill the adder!
You die...

**,,,*,,,,,,,*,,,,,**,*******,,,,
,,,,,,,,,,,,,,,,,,,,..,,,,,,+,,,,
,,,,,,,,,,*,,*######..#******,,,,
,,,*,****,*,,,........* *,,,,
,,,+,,,,,,,,,,,....#.###*** *,,,,
,,,******,,,,,,........,,,* *,,,,
,,,* *******#.....,#**,* *,,,,
,,,* ###.#.#..# *,* *,,,, ,,,*
###### #..@Sb...#**,****+** ,,,*
#....# #.#.#......*,,,,,,* ,,,*
#....# #.#.#*.....********* ,,,*
#....# #.#.###....***,,,,,,
#######....###<#.#.#,...**,,,,,,,
............##.....#,*##*,,,,,,,,
########....##.#.#.#,***,,,,,,,,,
..# #..........#.#,**,,,,,,,,,,
..# ##.....#.#....#.#,,,,,,,,,,,


You could see a bat and a ball python.

Vanquished Creatures
  A gnoll (D:1)
  2 adders (D:2)
  A ball python (D:1)
  4 bats (D:1)
  8 endoplasms
  A giant cockroach (D:1)
  4 hobgoblins (D:1)
  A kobold (D:1)
  3 quokkas
  A frilled lizard (D:1)
  6 rats
32 creatures vanquished.

Notes
Turn   | Place    | Note
-------+----------+-------------------------------------------
     0 | D:1      | loralnil the Vine Stalker Transmuter began the quest for
                  | the Orb.
     0 | D:1      | Reached XP level 1. HP: 9/9 MP: 4/4
   116 | D:1      | Reached skill level 1 in Fighting
   116 | D:1      | Reached XP level 2. HP: 6/14 MP: 3/6
   599 | D:1      | Reached XP level 3. HP: 18/18 MP: 5/7
   662 | D:1      | Found a faded altar of an unknown god.
   873 | D:1      | Found Iriczag's Antique Weapon Boutique.
  1515 | D:2      | Succumbed to an adder's poison

Illustrated notes

Levels and vault maps discovered:
D:1:      beargit_arrival_diablo_church, layout_basic,
          ebering_ecumenical_altar_petrified, serial_shops,
          nicolae_lakefront_shop
D:2:      kennysheep_big_flooded_room, layout_basic, serial_shops, shop,
          corner_web_ring

Skill      XL: |  1  2  3 |
---------------+----------+-----
Fighting       | 1 |  1.1
Dodging        | 2 |  2.0
Unarmed Combat | |  3.5
Spellcasting   | |  2.8
Transmutations | |  2.6

Action                   || total
-------------------------++-------
Melee: Unarmed           ||    74
       Bite              ||    14
       Kick              ||    15
       Headbutt          ||     9
 Cast: Beastly Appendage ||    25
  Use: Scroll            ||     1
 Stab: Sleeping          ||     4
Armor: Robe              ||     8
Dodge: Dodged            ||    48
